 Dungeon Sprint DCSS version 0.17-a0-1951-g62301d3 (webtiles) character file.

238 kosy22 the Ducker (level 5, 0/59 HPs)
             Began as a Troll Fighter on Oct 2, 2015.
             Was an Initiate of Nemelex Xobeh.
             Slain by a merfolk (4 damage)
             ... in the Dungeon (Sprint IX: "|||||||||||||||||||||||||||||").
             The game lasted 00:02:13 (258 turns).

kosy22 the Ducker (Troll Fighter)                    Turns: 258, Time: 00:02:13

Health: 0/59       AC: 10    Str: 25    XL:     5   Next: 78%
Magic:  4/4        EV: 13    Int:  7    God:    Nemelex Xobeh [......]
Gold:   0          SH:  0    Dex:  9    Spells: 0 memorised, 4 levels left

rFire  . . .     SeeInvis .     p - +2 halberd (protect)
rCold  . . .     Clarity  .     a - +0 robe
rNeg   . . .     SustAt   .     (no shield)
rPois  .         Gourm    +     (helmet restricted)
rElec  .         Spirit   .     (no cloak)
rCorr  .         Warding  .     (gloves unavailable)
rMut   .         NoTele   +     (boots unavailable)
MR     .....                    (no amulet)
Stlth  +.........               r - +3 ring of intelligence
                                s - +2 ring of evasion

@: not resistant to hostile enchantments, very unstealthy
A: unfitting armour, claws 3, fast metabolism 3, gourmand, regeneration 2,
shaggy fur 1, tough skin 2
a: Renounce Religion


You were in the Dungeon.
You worshipped Nemelex Xobeh.
Nemelex Xobeh was noncommittal.
You were not hungry.

You visited 1 branch

Inventory:

Hand weapons
 p - a +2 halberd of protection (weapon)
Armour
 a - a +0 robe (worn)
 b - a +0 shield
 q - a +0 cloak
Jewellery
 r - a +3 ring of intelligence (right claw)
 s - a +2 ring of evasion (left claw)
Magical devices
 o - a wand of cold (7)
Scrolls
 j - 2 scrolls of blinking
 m - 3 scrolls of remove curse
 n - 2 scrolls of amnesia
Potions
 c - a potion of might
 e - 5 potions of curing
 f - 3 potions of heal wounds
 g - a potion of haste
 h - 4 potions of magic
 i - a potion of berserk rage
 k - a potion of invisibility
Miscellaneous
 l - an ornate deck of destruction {drawn: 6}
Comestibles
 d - a bread ration


   Skills:
 + Level 5.6 Fighting
 + Level 6.3 Dodging
 + Level 5.6 Shields
 + Level 4.7 Unarmed Combat
 + Level 0.2 Evocations


You had 4 spell levels left.
You didn't know any spells.

Dungeon Overview and Level Annotations

Branches:
Dungeon (1/1)

Altars:
Cheibriados
Dithmenos
Elyvilon
Fedhas
Gozag
Kikubaaqudgha
Makhleb
Nemelex Xobeh
Okawaru
Qazlal
Ru
Sif Muna
Trog
Vehumet
Xom
Yredelemnul
Zin
The Shining One
Beogh
Jiyva
Lugonu


Innate Abilities, Weirdness & Mutations

You are too large for most types of armour.
You have claws for hands.
Your metabolism is lightning-fast.
You like to eat raw meat.
You heal very quickly.
You are covered in fur (AC +1).
You have very tough skin (AC +2).


Message History

You closely miss the merfolk.
The merfolk is heavily wounded.
The merfolk hits you but does no damage.
The merfolk barely misses you.
You hit the merfolk.
The merfolk is heavily wounded.
The merfolk hits you!
* * * LOW HITPOINT WARNING * * *
You hit the merfolk.
The merfolk is severely wounded.
The merfolk misses you. The merfolk hits you!
* * * LOW HITPOINT WARNING * * *
You closely miss the merfolk.
The merfolk is severely wounded.
The merfolk misses you.
You slash the merfolk!
The merfolk is severely wounded.
The merfolk hits you.
You die...
Your body disappears without a glow. ▓▓▓▓▓▓▓▓▓▓▓▓▓▓▓▓▓▓▓▓▓▓▓▓ ..GZghm@.[[.)|..'_______ ▓▓▓▓▓▓▓▓▓▓▓▓▓▓▓▓▓▓▓▓▓▓▓▓

You could see a merfolk, a wolf, a giant eyeball, a gnoll and a quokka skeleton.

Vanquished Creatures
  An ice beast (D)
  A big kobold (D)
  A scorpion (D)
  An orc priest (D)
  A gnoll (D)
  A bat skeleton (D)
  2 kobolds (D)
  A giant newt (D)
  A goblin (D)
  A rat (D)
11 creatures vanquished.

Notes
Turn   | Place    | Note
--------------------------------------------------------------
     0 | D        | kosy22 the Troll Fighter began the quest for the Orb.
     0 | D        | Reached XP level 1. HP: 22/22 MP: 0/0
     9 | D        | Reached skill level 3 in Fighting
     9 | D        | Reached XP level 2. HP: 20/31 MP: 1/1
    50 | D        | Noticed a scorpion
    50 | D        | Noticed an ice beast
    50 | D        | Noticed an orc priest
    64 | D        | Killed an orc priest
    64 | D        | Reached XP level 3. HP: 15/39 MP: 2/2
    68 | D        | Killed an ice beast
    68 | D        | Reached skill level 4 in Fighting
    68 | D        | Reached skill level 5 in Dodging
    68 | D        | Reached XP level 4. HP: 4/49 MP: 3/3
    72 | D        | Killed a scorpion
    72 | D        | Reached skill level 5 in Fighting
    72 | D        | Reached skill level 5 in Shields
    72 | D        | Reached XP level 5. HP: 7/57 MP: 4/4
   160 | D        | Found a glowing silver altar of Zin.
   160 | D        | Found a glowing golden altar of the Shining One.
   160 | D        | Found an ancient bone altar of Kikubaaqudgha.
   160 | D        | Found a basalt altar of Yredelemnul.
   160 | D        | Found a shimmering altar of Xom.
   160 | D        | Found a radiant altar of Vehumet.
   161 | D        | Found an iron altar of Okawaru.
   162 | D        | Found a burning altar of Makhleb.
   163 | D        | Found a deep blue altar of Sif Muna.
   166 | D        | Found a bloodstained altar of Trog.
   167 | D        | Found a sparkling altar of Nemelex Xobeh.
   170 | D        | Found a white marble altar of Elyvilon.
   171 | D        | Found a roughly hewn altar of Beogh.
   172 | D        | Found a viscous altar of Jiyva.
   175 | D        | Found a corrupted altar of Lugonu.
   178 | D        | Found a blossoming altar of Fedhas.
   179 | D        | Found a snail-covered altar of Cheibriados.
   180 | D        | Found a shadowy altar of Dithmenos.
   181 | D        | Found a stormy altar of Qazlal.
   182 | D        | Found an opulent altar of Gozag.
   185 | D        | Became a worshipper of Nemelex Xobeh the Trickster
   188 | D        | Found a sacrificial altar of Ru.
   196 | D        | Received a gift from Nemelex Xobeh
   226 | D        | Noticed a scorpion
   226 | D        | Noticed a worker ant
   226 | D        | Noticed a hill giant
   226 | D        | Noticed a worker ant
   226 | D        | Noticed a water moccasin
   228 | D        | a water moccasin changed into a big kobold
   228 | D        | Noticed a merfolk
   228 | D        | a hill giant changed into a merfolk
   228 | D        | Noticed a wolf
   228 | D        | a worker ant changed into a wolf
   228 | D        | a worker ant changed into a gnoll
   228 | D        | a scorpion changed into a giant eyeball
   231 | D        | Reached skill level 6 in Dodging
   231 | D        | Paralysed by a giant eyeball for 3 turns
   237 | D        | Paralysed by a giant eyeball for 2 turns
   243 | D        | Paralysed by a giant eyeball for 2 turns
   251 | D        | Paralysed by a giant eyeball for 3 turns
   256 | D        | HP: 2/59 [merfolk (15)]
   258 | D        | Slain by a merfolk

Vault maps used:
D:        linesprint

Action                   |  1- 3 |  4- 6 || total
-------------------------+-------+-------++-------
Melee: Unarmed           |    37 |     4 ||    41
       Halberd           |       |    11 ||    11
Evoke: Deck              |       |     6 ||     6
  Eat: Bread ration      |       |     1 ||     1
